 Dungeon Crawl Stone Soup version 0.27-a0-1381-g81fdcbfb23 (webtiles) character file.

Game seed: 10061403120956841332

253 Kinoniko the Chopper (level 5, -3/45 HPs)
             Began as a Minotaur Fighter on June 30, 2021.
             Was an Initiate of Trog.
             Slain by Duvessa (4 damage)
             ... on level 4 of the Dungeon.
             The game lasted 00:03:09 (3200 turns).

Kinoniko the Chopper (Minotaur Fighter)             Turns: 3200, Time: 00:03:10

Health: -3/45      AC:  9    Str: 21    XL:     5   Next: 90%
Magic:  4/4        EV:  7    Int:  6    God:    Trog [......]
Gold:   163        SH:  0    Dex: 15    Spells: 4/4 levels left

rFire    . . .     SeeInvis .   a - +0 war axe
rCold    . . .     Faith    .   c - +0 kite shield
rNeg     . . .     Spirit   .   b - +0 scale mail
rPois    .         Reflect  .   (helmet restricted)
rElec    .         Harm     .   d - +0 cloak
rCorr    +         Rampage  .   (no gloves)
Will     .....                  i - +0 pair of boots
Stlth    ..........             (no amulet)
HPRegen  0.15/turn              f - +6 ring of dexterity
MPRegen  0.09/turn              l - ring of resist corrosion

@: confused, ambrosia-drunk
A: horns 2, retaliatory headbutt
a: Renounce Religion


You were on level 4 of the Dungeon.
You worshipped Trog.
Trog was noncommittal.
You visited 1 branch of the dungeon, and saw 4 of its levels.

You collected 163 gold pieces.

Inventory:

Hand Weapons
 a - a +0 war axe (weapon)
Missiles
 n - 2 throwing nets (quivered)
Armour
 b - a +0 scale mail (worn)
 c - a +0 kite shield (worn)
 d - a +0 cloak (worn)
 i - a +0 pair of boots (worn)
Jewellery
 f - a +6 ring of dexterity (left hand)
 l - a ring of resist corrosion (right hand)
 m - a ring of flight
Wands
 q - a wand of iceblast (8)
Scrolls
 h - 3 scrolls of teleportation {unknown}
 k - a scroll of vulnerability {unknown}
 o - a scroll of enchant armour {unknown}
 p - a scroll of noise {unknown}
Potions
 e - a potion of ambrosia
 g - 2 potions of mutation {unknown}
 j - a potion of invisibility {unknown}


   Skills:
 - Level 3.6 Fighting
 * Level 7.1 Axes
 - Level 3.6 Armour
 - Level 4.3 Shields


You had 4 spell levels left.
You didn't know any spells.
Your spell library contained the following spells:

 Spells                   Type           Power      Damage    Failure   Level
 Animate Skeleton         Necr           0%         N/A       99%         1
 Pain                     Necr           0%         1d4       99%         1
 Confusing Touch          Hex            0%         N/A       100%        3
 Gell's Gravitas          Tloc           0%         N/A       100%        3
 Vampiric Draining        Necr           0%         2d6       100%        3
 Animate Dead             Necr           0%         N/A       100%        4
 Petrify                  Tmut/Erth      0%         N/A       100%        4
 Agony                    Necr           0%         N/A       100%        5
 Metabolic Englaciation   Hex/Ice        0%         N/A       100%        5
 Yara's Violent Unravell  Hex/Tmut       0%         3d3       100%        5


Dungeon Overview and Level Annotations

Branches:
Dungeon (4/15)
 Temple: D:4-7

Altars:
Trog

Shops:
D:2 (

Annotations:
D:4 Duvessa


Innate Abilities, Weirdness & Mutations

You have a pair of horns on your head.
You reflexively headbutt those who attack you in melee.


Message History

You miss Dowan. You closely miss the orc. The orc hits you but does no damage.
Dowan hits you but does no damage. You block the orc's attack.
You barely miss Duvessa. You slash the orc!
You kill the orc!
Trog accepts your kill. You block Duvessa's attack.
You slash Duvessa!
Duvessa is moderately wounded.
You hit Dowan but do no damage. Dowan hits you but does no damage.
You block Duvessa's attack.
You closely miss Duvessa.
Duvessa is moderately wounded.
You hit Dowan. You block Dowan's attack.
Duvessa hits you with a +0 short sword. You block Dowan's attack.
You closely miss Duvessa.
Duvessa is moderately wounded.
You hit Dowan. Duvessa hits you with a +0 short sword.
You block Dowan's attack. You block Duvessa's attack.
You hit Duvessa. You headbutt Duvessa!
Duvessa is severely wounded.
You slash Dowan! Dowan hits you but does no damage.
Duvessa hits you with a +0 short sword!
You hit Duvessa but do no damage. Your headbutt misses Duvessa.
Duvessa is severely wounded.
You slash Dowan!
You kill Dowan!
Trog accepts your kill.
Trog appreciates your killing of a magic user.
Duvessa weeps, then rights herself and shakes her weapon.
Duvessa goes berserk!
Duvessa hits you with a +0 short sword! x2
Your Axes skill increases to level 7!
You are too injured to fight recklessly!
You are too injured to fight recklessly!
Okay, then.
It was a potion of ambrosia.
You are confused.
You feel invigorated. Duvessa hits you with a +0 short sword!
* * * LOW HITPOINT WARNING * * *
The goblin hits you but does no damage. Duvessa hits you with a +0 short sword.
You die...

.# .## ....... ..#
....... #.## .......
#..# ....... #..#
....... ...##
....... ....# ###
####g...... .##.#
##.####..@eg#
###.####........####
#...........<..####
##................#
#.#####..........#
### ##.........#
###.....### ###.###
###


You could see Duvessa (berserk), a hobgoblin and a goblin.

Vanquished Creatures
  Dowan (D:4)
  A hound (D:4)
  A centaur skeleton (D:4)
  Crazy Yiuf (D:3)
  2 adders
  2 adder skeletons (D:4)
  A worm (D:2)
  3 dart slugs (D:2)
  6 orcs (D:4)
  10 endoplasms
  3 giant cockroaches
  7 goblins
  6 hobgoblins
  A jackal (D:2)
  3 quokkas (D:1)
  7 ball pythons
  12 bats
  3 frilled lizards
  6 kobolds
  5 rats
81 creatures vanquished.

Notes
Turn   | Place    | Note
-------+----------+-------------------------------------------
     0 | D:1      | Kinoniko the Minotaur Fighter began the quest for the Orb.
     0 | D:1      | Reached XP level 1. HP: 19/19 MP: 0/0
    83 | D:1      | Reached skill level 3 in Axes
   147 | D:1      | Reached XP level 2. HP: 23/26 MP: 1/1
   482 | D:1      | Found a faded altar of an unknown god.
  1014 | D:1      | Reached XP level 3. HP: 31/31 MP: 2/2
  1216 | D:2      | Reached skill level 4 in Axes
  2012 | D:2      | Found Nirowuiw's Antique Weapon Emporium.
  2480 | D:3      | Reached XP level 4. HP: 39/39 MP: 3/3
  2494 | D:3      | Found a bloodstained altar of Trog.
  2519 | D:3      | Became a worshipper of Trog the Wrathful
  2676 | D:3      | Reached skill level 5 in Axes
  2727 | D:3      | Found a runed translucent door.
  2728 | D:3      | Noticed Crazy Yiuf
  2875 | D:3      | Killed Crazy Yiuf
  2975 | D:4      | Reached XP level 5. HP: 45/45 MP: 4/4
  2978 | D:4      | Reached skill level 6 in Axes
  3187 | D:4      | Noticed Dowan
  3188 | D:4      | Noticed Duvessa
  3199 | D:4      | Killed Dowan
  3200 | D:4      | Reached skill level 7 in Axes
  3200 | D:4      | HP: 1/45 [Duvessa (17)]
  3200 | D:4      | Slain by Duvessa

Illustrated notes

Levels and vault maps discovered:
D:1:      sevenhm_arrival_forest_fort_small_6, layout_basic,
          hellmonk_ecumenical_altar_heavens_door, glass_columns_a,
          minmay_misc_feat_plants
D:2:      minmay_inner_zag, layout_basic, serial_shops,
          nicolae_shop_behind_doors
D:3:      layout_basic, trog_hazing_becter, uniq_crazy_yiuf_cottage
D:4:      kennysheep_spiral_hall, layout_cave_pods, serial_shops, shop,
          uniq_duvessa

Skill      XL: |  1  2  3  4  5 |
---------------+----------------+-----
Axes           | 3 4 5 7 |  7.1
Shields        | 4 |  4.3
Fighting       | |  3.6
Armour         | |  3.6

Action                   |  1- 3 |  4- 6 || total
-------------------------+-------+-------++-------
Melee: War axe           |    94 |    56 ||   150
       Headbutt          |    10 |    15 ||    25
  Use: Potion            |       |     2 ||     2
Armor: Scale mail        |    46 |    36 ||    82
Dodge: Dodged            |    31 |    17 ||    48
Block: Kite shield       |    62 |    40 ||   102

Table legend: (Time is in decaauts)
 A = Elapsed time spent in this place.
 B = Non-inter-level travel time spent in this place.
 C = Inter-level travel time spent in this place.
 D = Time resting spent in this place.
 E = Time spent auto-exploring this place.
 F = Levels seen in this place.
 G = Mean time per level.
                   A        B        C        D        E       F      G
               +--------+--------+--------+--------+--------+-----+--------+
         Total |   3273 |   3117 |    156 |    196 |   2486 |   4 |  818.2 |
       Dungeon |   3273 |   3117 |    156 |    196 |   2486 |   4 |  818.2 |
               +--------+--------+--------+--------+--------+-----+--------+

Top non-repeatable levels by time:
     D:1: 1111 daAuts
     D:2: 982 daAuts
     D:3: 933 daAuts
     D:4: 246 daAuts
